 Dungeon Crawl Stone Soup version 0.23-a0-643-g9ccc95a (webtiles) character file.

72598 Gorice the Warrior (level 15, -3/131 HPs)
             Began as a Demonspawn Wanderer on Dec 31, 2018.
             Was the Champion of Okawaru.
             Slain by Saint Roka
             ... wielding a +0 great sword of holy wrath
              (32 damage)
             ... on level 2 of the Orcish Mines.
             The game lasted 02:37:22 (26145 turns).

Gorice the Warrior (Demonspawn Wanderer)           Turns: 26145, Time: 02:37:25

Health: -3/131     AC: 24    Str: 20    XL:     15   Next: 1%
Magic:  19/24      EV: 12    Int: 15    God:    Okawaru [******]
Gold:   1341       SH: 11    Dex: 10    Spells: 14/14 levels left

rFire    + . .     SeeInvis .   a - +1 morningstar (elec)
rCold    + . .     Gourm    .   h - +0 buckler
rNeg     . . .     Faith    .   O - +3 chain mail
rPois    .         Spirit   .   (no helmet)
rElec    .         Reflect  .   K - +0 cloak
rCorr    .         Harm     .   E - +2 pair of gloves of Zougaihi {Regen+}
MR       +....                  (boots unavailable)
Stlth    ..........             S - amulet of regeneration
HPRegen  1.11/turn              e - +1 ring of evasion
MPRegen  0.19/turn              c - ring of protection from cold

@: heroism, finesse
A: talons 3, large bone plates 2, fire resistance 1, foul stench 1, powered by
death 1, rot immunity
a: Heroism, Finesse, Renounce Religion


You were on level 2 of the Orcish Mines.
You worshipped Okawaru.
Okawaru was exalted by your worship.
You were not hungry.

You visited 4 branches of the dungeon, and saw 21 of its levels.

You collected 2013 gold pieces.
You spent 672 gold pieces at shops.

Inventory:

Hand Weapons
 a - a +1 morningstar of electrocution (weapon)
   (You took it off an orc on level 2 of the Dungeon)
 b - the +9 hand crossbow of Okawaru's Envy {elec, MR+ Stlth+}
   (Okawaru gifted it to you on level 6 of the Lair of Beasts)

   It charges the ammunition it shoots with electricity; occasionally upon a
   hit, such missiles may discharge and cause terrible harm.
   It affects your resistance to hostile enchantments.
   It makes you more stealthy.
 u - the +9 mace "Gauquh" {crush, rN+ Str+3}
   (Okawaru gifted it to you on level 12 of the Dungeon)

   It inflicts extra damage upon your enemies.
   It affects your strength (+3).
   It protects you from negative energy.
 P - the +7 hunting sling "Fish" {speed, rN+}
   (You found it on level 5 of the Dungeon)

   Attacks with this weapon are significantly faster.
   It protects you from negative energy.
Missiles
 g - 104 bolts
 n - 12 javelins (quivered)
 p - 2 javelins of penetration
 H - 27 sling bullets
 Y - 482 stones
 Z - 5 throwing nets {!f}
Armour
 h - a +0 buckler (worn)
 E - the +2 pair of gloves of Zougaihi (worn) {Regen+}
   (Okawaru gifted it to you on level 1 of the Lair of Beasts)

   It increases your rate of regeneration.
 K - a +0 cloak (worn)
 O - a +3 chain mail (worn)
Jewellery
 c - a ring of protection from cold (right hand)
 e - a +1 ring of evasion (left hand)
 C - a +5 ring of dexterity
 F - an uncursed ring of flight
 M - an uncursed amulet of faith {!P}
 S - an amulet of regeneration (around neck)
 U - an uncursed amulet of rage {unknown}
Wands
 i - a wand of paralysis (17)
 l - a wand of digging (4)
 r - a wand of acid (25)
 y - a wand of scattershot (3)
 G - a wand of iceblast (4)
 X - a wand of flame (26)
Scrolls
 d - 9 scrolls of remove curse
 m - 7 scrolls of magic mapping {!r}
 q - a scroll of fog
 x - 7 scrolls of teleportation {!r}
 A - a scroll of enchant weapon
 I - 2 scrolls of fear {!r}
 J - 2 scrolls of silence {!r}
Potions
 j - 3 potions of curing
 k - 3 potions of haste {!q}
 o - 2 potions of resistance {!q}
 v - 2 potions of might {!q}
 w - 7 potions of heal wounds {!q}
 z - 2 potions of magic {!q}
 B - a potion of berserk rage
 N - 2 potions of agility {!q}
 T - a potion of mutation {!q}
Miscellaneous
 t - a sack of spiders
Comestibles
 f - 43 rations
 s - 13 chunks of flesh


   Skills:
 - Level 16.0(21.0) Fighting
 * Level 6.2(11.2) Maces & Flails
 - Level 5.0(10.0) Crossbows
 + Level 15.3(20.3) Armour
 - Level 1.0(6.0) Shields
   Level 1.0 Charms
   Level 1.7 Fire Magic
 - Level 12.0 Invocations
 - Level 1.0 Evocations


You had 14 spell levels left.
You didn't know any spells.
Your spell library contained the following spells:

 Spells                   Type           Power        Failure   Level  Hunger
 Flame Tongue             Conj/Fire      #....        58%         1    ##.....
 Apportation              Tloc           #.....       71%         1    ##.....
 Magic Dart               Conj           #...         71%         1    ##.....
 Sandblast                Erth           #.....       71%         1    ##.....
 Summon Butterflies       Summ           #.......     71%         1    ##.....
 Throw Flame              Conj/Fire      #.....       75%         2    ###....
 Passwall                 Tmut/Erth      #.......     85%         2    ###....
 Poisonous Vapours        Pois/Air       #.....       85%         2    ###....
 Searing Ray              Conj           #.....       85%         2    ###....
 Conjure Flame            Conj/Fire      #.......     92%         3    ####...
 Inner Flame              Hex/Fire       #.......     92%         3    ####...
 Dazzling Spray           Conj/Hex       #.....       97%         3    ####...
 Lesser Beckoning         Tloc           #.........   97%         3    ####...
 Mephitic Cloud           Conj/Pois/Air  #.......     97%         3    ####...
 Stone Arrow              Conj/Erth      #.....       97%         3    ####...
 Tukima's Dance           Hex            #.......     97%         3    ####...
 Force Lance              Conj/Tloc      #.......     100%        4    #####..
 Fulminant Prism          Conj/Hex       #.........   100%        4    #####..
 Iskenderun's Mystic Bla  Conj           #.......     100%        4    #####..
 Petrify                  Tmut/Erth      #.......     100%        4    #####..
 Sticky Flame             Conj/Fire      #.......     100%        4    #####..
 Summon Lightning Spire   Summ/Air       #.......     100%        4    #####..
 Alistair's Intoxication  Tmut/Pois      #.......     100%        5    ######.
 Fireball                 Conj/Fire      #.........   100%        5    ######.
 Lee's Rapid Deconstruct  Erth           #.........   100%        5    ######.
 Silence                  Hex/Air        #.........   100%        5    ######.
 Conjure Ball Lightning   Conj/Air       #.........   100%        6    #######
 Deflect Missiles         Chrm/Air       #.........   100%        6    #######
 Freezing Cloud           Conj/Ice/Air   #.........   100%        6    #######
 Invisibility             Hex            #.......     100%        6    #######
 Ring of Flames           Chrm/Fire      #.........   100%        7    #######
 Tornado                  Air            #.........   100%        9    #######


Dungeon Overview and Level Annotations

Branches:
Dungeon (12/15)            Temple (1/1) D:5            Lair (6/6) D:10
 Shoals (0/4) Lair:4       Spider (0/4) Lair:2        Slime (0/5) Lair:5
    Orc (2/2) D:11            Elf (0/3) Orc:2

Altars:
Ashenzari
Cheibriados
Dithmenos
Elyvilon
Fedhas
Gozag
Hepliaklqana
Kikubaaqudgha
Makhleb
Nemelex Xobeh
Okawaru
Qazlal
Ru
Sif Muna
Trog
Uskayaw
Vehumet
Wu Jian
Xom
Yredelemnul
Zin
The Shining One
Beogh
Jiyva

Shops:
D:6 *   D:12 ?   Orc:1 *   Orc:2 }[

Annotations:
D:12 2 transporters, mopl's ghost, journeyman HOFi
Lair:6 1 runed door, Protee's ghost, journeyman GnSk
Orc:2 Saint Roka


Innate Abilities, Weirdness & Mutations

You have claws for feet.
You are mostly covered in large bone plates. (SH +6)
Your flesh is heat resistant. (rF+)
You may emit foul miasma when damaged in melee.
You regenerate a little health from kills.
You are immune to rotting.


Message History

You completely miss the orc knight. You claw the orc knight!
The orc knight is almost dead.
The orc closely misses you.
You closely miss the orc knight.
The orc knight is almost dead.
You hit the orc knight but do no damage.
Your kick misses the orc knight.
The orc knight is almost dead.
The orc knight hits you with a +0 battleaxe.
The orc knight looks sick.
You block the orc's attack.
Damage: 5 (max 17)
You puncture the orc knight!
The orc knight is almost dead.
You barely miss the orc knight.
You claw the orc knight, but do no damage.
The orc knight is almost dead.
You bludgeon the orc knight!!
Lightning courses through the orc knight!
You kill the orc knight!
Okawaru accepts your kill.
You hit the orc but do no damage. You claw the orc, but do no damage.
The orc is severely wounded.
Saint Roka hits you with a +0 great sword of holy wrath!!
You convulse!!
* * * LOW HITPOINT WARNING * * *
Damage: 63 (max 63) Unknown command.
You thump Saint Roka! Lightning courses through Saint Roka!
Saint Roka is lightly wounded.
The orc barely misses you.
You hit Saint Roka. Lightning courses through Saint Roka! You claw Saint Roka.
Saint Roka is moderately wounded.
You hit Saint Roka but do no damage. Your kick misses Saint Roka.
Saint Roka is moderately wounded.
The orc no longer looks unusually strong.
The orc hits you but does no damage.
The orc looks sick.
Saint Roka roars a battlecry!
The orc goes into a battle-frenzy!
You hit Saint Roka but do no damage. Lightning courses through Saint Roka!
You claw Saint Roka.
Saint Roka is moderately wounded.
You hit Saint Roka but do no damage. Your kick misses Saint Roka.
Saint Roka is moderately wounded.
You hit Saint Roka but do no damage. Lightning courses through Saint Roka!
You claw Saint Roka.
Saint Roka is heavily wounded.
Saint Roka hits you with a +0 great sword of holy wrath!!
* * * LOW HITPOINT WARNING * * *
You convulse!!
You die...

##...........#.......#
##.............#......##
#..............##......#
##.......##.#.##.......##
#..)......o######.......###
#...#####..# ##..........####
##.##...##.# ##......#........
#.#.....#o###.#..............
#.#.._..#..#@o...............
#.#.).).#o###o#.#....#.......
#.##..)##.#o.#####..#........
#..###)#......## ####........
##..............####.#.[[##...
##..............#.##)..#)<[##..
#......#............#..##[#.##.
##....#..................[.....
##.........######..#..[#[#....


You could see Saint Roka and an orc.

Vanquished Creatures
  Harold (D:10)
  14 hydras
  3 catoblepae
  Erica (D:8)
  2 two-headed ogres
  A centaur warrior (D:11)
  3 death yaks (Lair:6)
  A deep troll shaman (Lair:6)
  Urug (D:12)
  An orc high priest (Orc:2)
  Nergalle (Lair:4)
  3 unseen horrors
  Pikel (D:8)
  4 orc knights
  3 ugly things
  3 oklob plants
  2 orc sorcerers (Orc:2)
  2 manticores (Lair:5)
  4 cyclopes
  2 black mambas
  15 elephants
  A gargoyle (D:12)
  Joseph (D:6)
  Maurice (D:9)
  9 spiny frogs
  4 rime drakes
  7 komodo dragons
  2 polar bears
  4 merfolk (Lair:4)
  7 trolls
  17 blink frogs
  9 dream sheep
  7 hippogriffs
  3 redbacks
  2 wraiths
  6 wyverns
  Eustachio (D:6)
  42 yaks
  3 hungry ghosts
  A basilisk (D:12)
  A steam dragon (D:8)
  4 wargs
  4 porcupines
  13 water moccasins
  22 orc warriors
  2 black bears
  2 ice beasts
  A slave (D:8)
  A hornet zombie (D:11)
  2 sky beasts
  A necrophage (D:10)
  11 ogres
  3 phantoms
  An eye of draining (D:12)
  20 wolves
  13 crocodiles
  8 centaurs
  5 big kobolds
  17 bullfrogs
  2 gnoll sergeants
  A wyvern skeleton (D:11)
  A scorpion (D:12)
  16 killer bees
  5 wights (D:12)
  A howler monkey (D:4)
  5 electric eels
  2 centaur zombies
  4 crimson imps
  A bullfrog zombie (D:9)
  8 hounds
  A quasit (D:10)
  3 jellies
  Crazy Yiuf (D:7)
  18 orc priests
  A bullfrog skeleton (D:9)
  A gnoll shaman (D:7)
  2 centaur skeletons
  4 iguanas
  28 orc wizards
  7 worker ants
  A killer bee zombie (D:6)
  3 hound zombies
  A howler monkey zombie (D:9)
  3 worker ant zombies
  17 gnolls
  16 adders
  2 shadow imps
  3 adder zombies
  An adder skeleton (D:7)
  2 worms
  6 leopard geckos
  93 orcs
  3 ball pythons
  11 bats
  5 giant cockroaches
  4 goblins
  20 hobgoblins
  9 jackals
  8 quokkas
  5 frilled lizards
  17 kobolds
  A leopard gecko zombie (D:6)
  9 rats
  2 plants (Lair:1)
680 creatures vanquished.

Vanquished Creatures (others)
  A quokka (D:5)
  10 fungi
  13 plants
24 creatures vanquished.

Grand Total: 704 creatures vanquished

Notes
Turn   | Place    | Note
-------+----------+-------------------------------------------
     0 | D:1      | Gorice the Demonspawn Wanderer began the quest for the Orb.
     0 | D:1      | Gorice set off with the following items: a +0 ring mail, a
                  | +0 hand crossbow, 26 bolts, a ration; and the following
                  | spell memorised: Flame Tongue; and the following spells
                  | available to memorise: Throw Flame, Conjure Flame, Inner
                  | Flame, Sticky Flame, Fireball
     0 | D:1      | Reached XP level 1. HP: 19/19 MP: 1/1
   238 | D:1      | Gained mutation: You have sharp toenails. [demonic
                  | ancestry]
   238 | D:1      | Reached XP level 2. HP: 25/25 MP: 2/2
   246 | D:1      | Reached skill level 1 in Armour
  1099 | D:2      | Gained mutation: You have razor-sharp toenails. [demonic
                  | ancestry]
  1099 | D:2      | Reached XP level 3. HP: 20/31 MP: 3/3
  1540 | D:2      | Reached skill level 2 in Armour
  1540 | D:2      | Reached XP level 4. HP: 35/38 MP: 4/4
  1608 | D:2      | Reached skill level 2 in Crossbows
  1779 | D:2      | Reached skill level 5 in Fighting
  1955 | D:3      | Gained mutation: You have claws for feet. [demonic
                  | ancestry]
  1955 | D:3      | Reached XP level 5. HP: 42/44 MP: 5/5
  2331 | D:3      | Noticed a phantom
  2367 | D:3      | Killed a phantom
  2367 | D:3      | Reached skill level 3 in Armour
  2367 | D:3      | Gained mutation: You are partially covered in large bone
                  | plates. (SH +4) [demonic ancestry]
  2367 | D:3      | Reached XP level 6. HP: 43/51 MP: 6/6
  2709 | D:3      | Reached skill level 3 in Crossbows
  3806 | D:4      | Reached skill level 6 in Fighting
  3806 | D:4      | Reached XP level 7. HP: 52/58 MP: 7/7
  3811 | D:4      | Found a glowing golden altar of the Shining One.
  3913 | D:5      | Entered Level 5 of the Dungeon
  4006 | D:5      | Reached skill level 4 in Armour
  4271 | D:5      | Found a staircase to the Ecumenical Temple.
  4284 | D:5      | Reached skill level 4 in Crossbows
  4298 | Temple   | Entered the Ecumenical Temple
  4398 | Temple   | Became a worshipper of Warmaster Okawaru
  4650 | D:5      | Got a dazzling hunting sling
  4830 | D:5      | Identified the +7 hunting sling "Fish" {speed, rN+} (You
                  | found it on level 5 of the Dungeon)
  4867 | D:5      | Gained mutation: You are immune to rotting. [demonic
                  | ancestry]
  4867 | D:5      | Reached XP level 8. HP: 28/65 MP: 8/8
  4910 | D:4      | HP: 16/65 [orc warrior/+0 hand axe (13)]
  4913 | D:4      | Reached * piety under Okawaru
  4913 | D:4      | Reached skill level 7 in Fighting
  4913 | D:4      | Reached skill level 5 in Armour
  5325 | D:5      | Found a white marble altar of Elyvilon.
  5708 | D:6      | Noticed Eustachio
  5720 | D:6      | Killed Eustachio
  5720 | D:6      | Reached skill level 5 in Crossbows
  5720 | D:6      | Reached skill level 1 in Invocations
  5754 | D:6      | Found Faxzes's Assorted Antiques.
  6017 | D:6      | Reached skill level 2 in Invocations
  6465 | D:6      | Identified a scroll of acquirement
  6475 | D:7      | Noticed Joseph
  6481 | D:7      | HP: 16/67 [Joseph/sling bullet (8)]
  6485 | D:6      | HP: 7/67 [orc priest/divine providence (10)]
  6808 | D:6      | HP: 17/67 [Joseph/+0 quarterstaff (5)]
  6810 | D:6      | Killed Joseph
  6810 | D:6      | Reached skill level 8 in Fighting
  6810 | D:6      | Reached skill level 6 in Armour
  7061 | D:7      | Reached ** piety under Okawaru
  7369 | D:7      | Reached XP level 9. HP: 74/74 MP: 10/10
  7877 | D:7      | Reached skill level 7 in Armour
  8019 | D:7      | Found a runed door.
  8023 | D:7      | Noticed Crazy Yiuf
  8026 | D:7      | Killed Crazy Yiuf
  8041 | D:7      | Got a smoking mace
  8042 | D:7      | Identified the +4 mace of the Apocalypse {crush, *Corrode
                  | rC+ Int+4} (You found it on level 7 of the Dungeon)
  8159 | D:7      | Reached skill level 9 in Fighting
  8645 | D:7      | Reached *** piety under Okawaru
  8645 | D:7      | Reached skill level 8 in Armour
  8857 | D:8      | Noticed Pikel
  8929 | D:8      | Killed Pikel
  8929 | D:8      | Reached skill level 10 in Fighting
  8973 | D:8      | Reached XP level 10. HP: 85/85 MP: 11/11
  9085 | D:8      | Reached **** piety under Okawaru
  9096 | D:8      | Reached skill level 9 in Armour
  9207 | D:8      | Noticed a three-headed hydra
  9213 | D:8      | Killed a one-headed hydra
  9213 | D:8      | Reached ***** piety under Okawaru
  9506 | D:8      | Found a blossoming altar of Fedhas.
  9521 | D:8      | Reached skill level 11 in Fighting
  9547 | D:8      | Found an ornate altar of the Wu Jian Council.
  9547 | D:8      | Found a radiant altar of Vehumet.
  9547 | D:8      | Found an opulent altar of Gozag.
  9585 | D:8      | Noticed Erica
  9599 | D:8      | Killed Erica
  9795 | D:8      | Noticed Maurice
 10291 | D:9      | Reached skill level 10 in Armour
 10589 | D:9      | Gained mutation: You are mostly covered in large bone
                  | plates. (SH +6) [demonic ancestry]
 10589 | D:9      | Reached XP level 11. HP: 89/95 MP: 12/12
 10803 | D:9      | Received a gift from Okawaru
 11016 | D:9      | Killed Maurice
 11016 | D:9      | Reached skill level 12 in Fighting
 11336 | D:10     | Entered Level 10 of the Dungeon
 11603 | D:10     | Reached skill level 3 in Invocations
 11681 | D:10     | Found a staircase to the Lair.
 11694 | D:10     | Killed an unseen horror
 11694 | D:10     | Received a gift from Okawaru
 11807 | D:10     | Reached skill level 4 in Invocations
 11837 | D:9      | HP: 27/95 [poisoned by a killer bee]
 11842 | D:9      | HP: 23/95 [poisoned by a killer bee]
 11847 | D:9      | HP: 21/95 [poisoned by a killer bee]
 11852 | D:9      | HP: 20/95 [poisoned by a killer bee]
 11858 | D:9      | HP: 21/95 [poisoned by a killer bee]
 11864 | D:9      | HP: 23/95 [poisoned by a killer bee]
 11872 | D:9      | HP: 26/95 [poisoned by a killer bee]
 12114 | D:9      | Reached ****** piety under Okawaru
 12639 | Lair:1   | Entered Level 1 of the Lair of Beasts
 12663 | Lair:1   | Noticed a four-headed hydra
 12696 | D:10     | Reached skill level 5 in Invocations
 12740 | D:10     | Reached skill level 11 in Armour
 12756 | D:10     | HP: 27/96 [spiny frog (13)]
 12761 | D:10     | HP: 27/96 [poisoned by a spiny frog]
 12967 | Lair:1   | Killed a four-headed hydra
 13003 | Lair:1   | Noticed an eight-headed hydra
 13016 | Lair:1   | Killed an eight-headed hydra
 13016 | Lair:1   | Received a gift from Okawaru
 13016 | Lair:1   | Reached skill level 6 in Invocations
 13020 | Lair:1   | Got a pair of faintly glowing gloves {god gift}
 13031 | Lair:1   | Identified the +2 pair of gloves of Zougaihi {Regen+}
                  | (Okawaru gifted it to you on level 1 of the Lair of Beasts)
 13233 | Lair:1   | Noticed Harold
 13272 | D:10     | Killed Harold
 13272 | D:10     | Reached skill level 7 in Invocations
 13385 | Lair:1   | Noticed an eight-headed hydra
 13396 | Lair:1   | Killed an eight-headed hydra
 13396 | Lair:1   | Reached skill level 13 in Fighting
 13456 | Lair:1   | Noticed an oklob plant
 13456 | Lair:1   | Noticed an oklob plant
 13986 | D:6      | Bought a papyrus book for 465 gold pieces
 13986 | D:6      | Bought a wooden ring for 155 gold pieces
 14159 | Lair:1   | Gained mutation: You regenerate a little health from kills.
                  | [demonic ancestry]
 14159 | Lair:1   | Reached XP level 12. HP: 93/105 MP: 17/17
 14232 | Lair:2   | You fall through a shaft for 2 floors!
 14265 | Lair:4   | Noticed Nergalle
 14277 | Lair:4   | Killed Nergalle
 14277 | Lair:4   | Reached skill level 8 in Invocations
 14515 | Lair:3   | HP: 29/105 [porcupine's spines (6)]
 14520 | Lair:3   | HP: 31/105 [poisoned by a redback]
 14549 | Lair:3   | Reached skill level 12 in Armour
 14875 | Lair:2   | HP: 23/106 [black mamba (9)]
 14880 | Lair:2   | HP: 26/106 [poisoned by a black mamba]
 15090 | Lair:2   | Received a gift from Okawaru
 15093 | Lair:2   | Noticed a five-headed hydra
 15103 | Lair:2   | Killed a five-headed hydra
 15120 | Lair:2   | Noticed a six-headed hydra
 15128 | Lair:2   | Killed a six-headed hydra
 15128 | Lair:2   | Reached skill level 14 in Fighting
 15198 | Lair:2   | Noticed a four-headed hydra
 15336 | Lair:2   | Found a hole to the Spider Nest.
 15780 | Lair:3   | Received a gift from Okawaru
 15869 | Lair:3   | Noticed a seven-headed hydra
 15879 | Lair:3   | Killed a seven-headed hydra
 15990 | Lair:3   | Reached skill level 13 in Armour
 16260 | Lair:3   | Reached XP level 13. HP: 114/114 MP: 19/19
 16901 | Lair:4   | Received a gift from Okawaru
 16902 | Lair:4   | Got a dazzling cloak {god gift}
 16913 | Lair:4   | Identified the -2 cloak of the Thistle {Int+5} (Okawaru
                  | gifted it to you on level 4 of the Lair of Beasts)
 17078 | Lair:4   | Found a staircase to the Shoals.
 17171 | Lair:4   | Reached skill level 15 in Fighting
 18065 | Lair:5   | Found a staircase to the Slime Pits.
 18065 | Lair:5   | Found a viscous altar of Jiyva.
 18123 | Lair:5   | Got an ancient scale mail
 18195 | Lair:5   | Found a bloodstained altar of Trog.
 18924 | Lair:5   | Reached skill level 9 in Invocations
 18986 | Lair:5   | Reached skill level 14 in Armour
 19491 | Lair:1   | Identified the +2 scale mail of Liythrem {Str+6 Int+4} (You
                  | found it on level 5 of the Lair of Beasts)
 19624 | Lair:6   | Entered Level 6 of the Lair of Beasts
 19884 | Lair:6   | Received a gift from Okawaru
 20252 | Lair:6   | Reached skill level 10 in Invocations
 20275 | Lair:6   | Gained mutation: Your flesh is heat resistant. (rF+)
                  | [demonic ancestry]
 20275 | Lair:6   | Reached XP level 14. HP: 118/124 MP: 21/21
 20394 | Lair:6   | Found a runed door.
 20394 | Lair:6   | Found a shimmering altar of Xom.
 20394 | Lair:6   | Noticed Protee's ghost (journeyman GnSk)
 20400 | Lair:6   | Identified the +7 rapier of Rubbish {chaos, rF+++ Str+3
                  | Dex-5 Stlth+}
 21314 | Lair:6   | Reached skill level 16 in Fighting
 21643 | Lair:6   | Reached skill level 11 in Invocations
 21742 | Lair:6   | Received a gift from Okawaru
 21743 | Lair:6   | Got a warped hand crossbow {god gift}
 21748 | Lair:6   | Identified the +9 hand crossbow of Okawaru's Envy {elec,
                  | MR+ Stlth+} (Okawaru gifted it to you on level 6 of the
                  | Lair of Beasts)
 22071 | D:11     | Found a staircase to the Orcish Mines.
 22482 | D:10     | Reached skill level 12 in Invocations
 22603 | D:11     | Reached skill level 1 in Maces & Flails
 22664 | D:11     | Reached skill level 2 in Maces & Flails
 22787 | D:11     | Reached skill level 15 in Armour
 22790 | D:11     | Paralysed by fainting for 5 turns
 23224 | D:12     | Found a transporter.
 23237 | D:12     | Reached skill level 3 in Maces & Flails
 23311 | D:12     | Noticed mopl's ghost (journeyman HOFi)
 23333 | D:12     | Found a transporter.
 23346 | D:12     | Noticed Urug
 23376 | D:12     | Killed Urug
 23467 | D:12     | Reached skill level 4 in Maces & Flails
 23498 | D:12     | Received a gift from Okawaru
 23499 | D:12     | Got a bloodstained mace {god gift}
 23500 | D:12     | Identified the +9 mace "Gauquh" {crush, rN+ Str+3} (Okawaru
                  | gifted it to you on level 12 of the Dungeon)
 23504 | D:12     | Found Suivvahu's Magic Scroll Shoppe.
 23554 | D:12     | Bought a scroll of identify for 26 gold pieces
 23554 | D:12     | Bought a scroll of identify for 26 gold pieces
 23757 | D:12     | Found an iron altar of Okawaru.
 23818 | D:12     | Found a sparkling altar of Nemelex Xobeh.
 24117 | Orc:1    | Entered Level 1 of the Orcish Mines
 24436 | Orc:2    | Entered Level 2 of the Orcish Mines
 24477 | Orc:2    | Reached skill level 5 in Maces & Flails
 24627 | Orc:2    | Found a roughly hewn altar of Beogh.
 24707 | Orc:2    | Found a roughly hewn altar of Beogh.
 24779 | Orc:2    | Found a roughly hewn altar of Beogh.
 25247 | Orc:1    | Paralysed by an orc sorcerer for 7 turns
 25319 | Orc:1    | Found Fuocepp's Assorted Antiques.
 25507 | Orc:2    | Found a roughly hewn altar of Beogh.
 25584 | Orc:2    | Found a roughly hewn altar of Beogh.
 25630 | Orc:2    | Found Hoekh's Armour Shoppe.
 25682 | Orc:2    | Found a roughly hewn altar of Beogh.
 25753 | Orc:2    | Found a roughly hewn altar of Beogh.
 25768 | Orc:2    | Found Mumir's Gadget Shop.
 25896 | Orc:2    | Found a staircase to the Elven Halls.
 26004 | Orc:2    | Reached skill level 6 in Maces & Flails
 26083 | Orc:2    | Gained mutation: You may emit foul miasma when damaged in
                  | melee. [demonic ancestry]
 26083 | Orc:2    | Reached XP level 15. HP: 131/131 MP: 24/24
 26085 | Orc:2    | Noticed Saint Roka
 26145 | Orc:2    | HP: 29/131 [Saint Roka/+0 great sword of holy wrath (32)]
 26145 | Orc:2    | Slain by Saint Roka

Vault maps used:
D:1:      dpeg_arrival_solitude
D:3:      minmay_chambers_of_threes
D:4:      lemuel_coloured_pillars_altar, minmay_stone_trees_large,
          grunt_ministairs_15
D:5:      elyvilon_altar_4, minmay_temple_entry_overgrown, first_ration
D:6:      serial_shops, shop_statue, uniq_eustachio
D:7:      kennysheep_housing_project, uniq_crazy_yiuf_cottage, uniq_joseph
D:8:      chequers_temple_overflow_statue_of_worship, fedhas_altar_1,
          hangedman_ranch, hangedman_decor_slide_cut, st_stairs_14, uniq_pikel,
          uniq_erica, uniq_maurice
D:9:      minmay_circle_x
D:10:     lair_entry_dummy, glass_columns_a
D:11:     orc_0_dummy, minmay_misc_feat_pillars
D:12:     gammafunk_ghost_mausoleum, serial_shops, nicolae_shop_waterfront,
          basic_altar, nemelex_altar_shiori, uniq_urug
Temple:   lightli_temple_of_artemis
Lair:1:   minmay_lair_oklob_chamber, uniq_harold
Lair:2:   spider_nest_entry_webs, infiniplex_staircase_pool_2
Lair:3:   serial_bayou_ford_a, eino_small_chamber_without_monster
Lair:4:   elwin_shoals_entry_stream, lemuel_fruit_tree, uniq_nergalle
Lair:5:   nzn_motion_control, slime_altar_1, lemuel_oklob_altar,
          infiniplex_staircase_pool
Lair:6:   grunt_lair_end_beastmaster, ebering_ghost_xom, serial_bayou_lake_a,
          grunt_megastairs_3, serial_bayou_shore_b
Orc:1:    serial_shops, shop_statue
Orc:2:    grunt_orc_community_town_hall, grunt_orc_community_big_house_2,
          grunt_orc_community_big_house_2, grunt_orc_community_house_2,
          grunt_orc_community_house_2, grunt_orc_community_house_3,
          grunt_orc_community_house_3, grunt_orc_community_house_3, mines2_david

Skill      XL: |  1  2  3  4  5  6  7  8  9 10 11 12 13 14 |
---------------+-------------------------------------------+-----
Armour         | 1 2 3 4 6 8 10 11 13 14 15 | 15.3
Crossbows      | 2 3 4 5 |  5.0
Fighting       | 5 6 8 10 11 13 14 15 16 | 16.0
Invocations    | 2 7 8 10 12 | 12.0
Maces & Flails | 6 |  6.2
Shields        | |  1.0
Charms         | |  1.0
Fire Magic     | |  1.7
Evocations     | |  1.0

Action                   |  1- 3 |  4- 6 |  7- 9 | 10-12 | 13-15 || total
-------------------------+-------+-------+-------+-------+-------++-------
Melee: Morningstar       |       |    15 |   222 |   577 |   944 ||  1758
       Kick              |       |     1 |    57 |   177 |   318 ||   553
       Hand axe          |       |       |       |     3 |       ||     3
       Hunting sling     |       |       |       |     1 |       ||     1
       Hand crossbow     |       |       |       |       |     1 ||     1
 Fire: Hand crossbow     |    92 |   189 |    39 |       |   200 ||   520
       Hunting sling     |       |       |   165 |   330 |   316 ||   811
       Triple crossbow   |       |       |     6 |       |       ||     6
Invok: Heroism           |       |       |     2 |    16 |    16 ||    34
       Finesse           |       |       |       |       |     1 ||     1
Evoke: Wand              |       |       |     3 |     1 |     2 ||     6
  Use: Scroll            |       |    10 |     8 |     9 |     3 ||    30
       Potion            |       |       |     2 |     1 |       ||     3
 Stab: Petrifying        |       |       |       |       |     1 ||     1
  Eat: Chunk             |     2 |     7 |    16 |    27 |    28 ||    80
       Ration            |       |       |       |       |     2 ||     2
Armor: Ring mail         |     3 |       |       |       |       ||     3
       Scale mail        |    22 |    50 |    39 |       |       ||   111
       Chain mail        |       |       |    67 |   366 |   988 ||  1421
       Plate armour      |       |       |    66 |   127 |       ||   193
Dodge: Dodged            |    31 |    60 |   119 |   358 |   541 ||  1109
Block: Buckler           |       |    20 |    58 |   196 |   801 ||  1075
       Other             |       |       |    26 |   128 |       ||   154

Table legend:
 A = Non-vault XP
 B = Vault XP
 C = Vault XP percentage of total XP
 D = Non-vault monster count
 E = Vault monster count
 F = Vault count percentage of total count
                 A         B        C        D         E       F
            +---------+---------+-------+---------+---------+-------
      Total |   73512 |   30200 |  29.1 |     513 |     164 |  24.2
            +---------+---------+-------+---------+---------+-------
        D:1 |      34 |       0 |   0.0 |      20 |       0 |   0.0
        D:2 |     146 |       0 |   0.0 |      29 |       0 |   0.0
        D:3 |     118 |     165 |  58.3 |      26 |      12 |  31.6
        D:4 |     508 |       0 |   0.0 |      14 |       0 |   0.0
        D:5 |     659 |       0 |   0.0 |      24 |       0 |   0.0
        D:6 |     276 |     641 |  69.9 |      12 |       2 |  14.3
        D:7 |    1221 |    1062 |  46.5 |      24 |      31 |  56.4
        D:8 |     564 |    3831 |  87.2 |      14 |      11 |  44.0
        D:9 |    3168 |     897 |  22.1 |      38 |       5 |  11.6
       D:10 |    4621 |    1028 |  18.2 |      28 |       1 |   3.4
       D:11 |    8059 |       0 |   0.0 |      54 |       0 |   0.0
       D:12 |    5519 |     843 |  13.3 |      26 |       1 |   3.7
     Lair:1 |    4623 |    1024 |  18.1 |      11 |       2 |  15.4
     Lair:2 |    7053 |     436 |   5.8 |      29 |       2 |   6.5
     Lair:3 |    8776 |     202 |   2.2 |      40 |       1 |   2.4
     Lair:4 |    7899 |    1950 |  19.8 |      20 |       5 |  20.0
     Lair:5 |    5293 |    5463 |  50.8 |      16 |      13 |  44.8
     Lair:6 |    9764 |    8740 |  47.2 |      39 |      17 |  30.4
      Orc:1 |     803 |       0 |   0.0 |      14 |       0 |   0.0
      Orc:2 |    4408 |    3918 |  47.1 |      35 |      61 |  63.5
            +---------+---------+-------+---------+---------+-------

Table legend:
 A = Turns spent in this place as a percentage of turns spent in the entire game.
 B = Non-inter-level travel turns spent in this place as a percentage of non-inter-level travel turns spent in the entire game.
 C = Inter-level travel turns spent in this place as a percentage of turns spent in this place.
 D = Turns resting spent in this place as a percentage of non-inter-level travel turns spent in this place.
 E = Turns spent auto-exploring this place as a percentage of non-inter-level travel turns spent in this place.
 F = Non-inter-level travel turns spent in this place divided by the number of levels of this place that you've seen.
                   A       B       C       D       E      F
               +-------+-------+-------+-------+-------+----------------------
         Total | 100.0 | 100.0 |   5.9 |  13.7 |  39.7 | 1171.0
       Dungeon |  58.2 |  58.5 |   5.4 |  16.4 |  43.0 | 1198.8
        Temple |   0.4 |   0.4 |   8.9 |   0.0 |  80.4 | 102.0
          Lair |  33.9 |  33.2 |   7.8 |  10.2 |  36.2 | 1361.8
  Orcish Mines |   7.5 |   7.9 |   1.7 |   8.7 |  28.5 | 966.5
               +-------+-------+-------+-------+-------+----------------------

Vault maps used:
D:1:      dpeg_arrival_solitude
D:3:      minmay_chambers_of_threes
D:4:      lemuel_coloured_pillars_altar, minmay_stone_trees_large,
          grunt_ministairs_15
D:5:      elyvilon_altar_4, minmay_temple_entry_overgrown, first_ration
D:6:      serial_shops, shop_statue, uniq_eustachio
D:7:      kennysheep_housing_project, uniq_crazy_yiuf_cottage, uniq_joseph
D:8:      chequers_temple_overflow_statue_of_worship, fedhas_altar_1,
          hangedman_ranch, hangedman_decor_slide_cut, st_stairs_14, uniq_pikel,
          uniq_erica, uniq_maurice
D:9:      minmay_circle_x
D:10:     lair_entry_dummy, glass_columns_a
D:11:     orc_0_dummy, minmay_misc_feat_pillars
D:12:     gammafunk_ghost_mausoleum, serial_shops, nicolae_shop_waterfront,
          basic_altar, nemelex_altar_shiori, uniq_urug
Temple:   lightli_temple_of_artemis
Lair:1:   minmay_lair_oklob_chamber, uniq_harold
Lair:2:   spider_nest_entry_webs, infiniplex_staircase_pool_2
Lair:3:   serial_bayou_ford_a, eino_small_chamber_without_monster
Lair:4:   elwin_shoals_entry_stream, lemuel_fruit_tree, uniq_nergalle
Lair:5:   nzn_motion_control, slime_altar_1, lemuel_oklob_altar,
          infiniplex_staircase_pool
Lair:6:   grunt_lair_end_beastmaster, ebering_ghost_xom, serial_bayou_lake_a,
          grunt_megastairs_3, serial_bayou_shore_b
Orc:1:    serial_shops, shop_statue
Orc:2:    grunt_orc_community_town_hall, grunt_orc_community_big_house_2,
          grunt_orc_community_big_house_2, grunt_orc_community_house_2,
          grunt_orc_community_house_2, grunt_orc_community_house_3,
          grunt_orc_community_house_3, grunt_orc_community_house_3, mines2_david
